 Seeded DCSS version 0.29-a0-775-g4d7333d4e2 (webtiles) character file.

Game seed: 20220702 (custom seed)

10 gobodom the Grave Robber (level 2, -4/19 HPs)
             Began as a Demonspawn Necromancer on July 2, 2022.
             Slain by Sigmund
             ... wielding a +0 scythe
              (5 damage)
             ... on level 1 of the Dungeon.
             The game lasted 00:02:59 (823 turns).

gobodom the Grave Robber (Demonspawn Necromancer)    Turns: 823, Time: 00:03:00

Health: -4/19      AC:  6    Str:  8    XL:     2   Next: 10%
Magic:  5/5        EV: 12    Int: 16    God:
Gold:   18         SH:  0    Dex: 13    Spells: 4/5 levels left

rFire   + . .      SeeInvis .   i - +3 mace
rCold   + . .      Faith    .   (no shield)
rNeg    . . .      Spirit   .   a - +0 robe
rPois   +          Reflect  .   (no helmet)
rElec   .          Harm     .   e - scarf {rC+ rF+}
rCorr   .          Rampage  .   (no gloves)
Will    .....                   (no boots)
Stlth   ++........              (no amulet)
HPRegen 0.06/turn               d - +4 ring of protection
MPRegen 0.09/turn               h - ring of poison resistance

@: no status effects
A: demonic magic 1
a: no special abilities


You were on level 1 of the Dungeon.
You visited 1 branch of the dungeon, and saw 2 of its levels.

You collected 46 gold pieces.
You spent 28 gold pieces at shops.

Inventory:

Hand Weapons
 i - a +3 mace (weapon)
Missiles
 j - 6 poisoned darts
 k - 5 curare-tipped darts
Armour
 a - a +0 robe (worn)
 e - a scarf of resistance (worn)
Jewellery
 d - a +4 ring of protection (left hand)
 h - a ring of poison resistance (right hand)
 l - a ring of fire
Scrolls
 f - a scroll of summoning {unknown}
 g - a scroll of enchant weapon {unknown}
Potions
 b - a potion of magic
 c - a potion of flight


   Skills:
 + Level 1.8 Dodging
 + Level 1.8 Stealth
 + Level 2.1 Spellcasting
 + Level 4.8 Necromancy


You had 4 spell levels left.
You knew the following spells:

 Your Spells              Type           Power      Damage    Failure   Level
a - Necrotize             Necr           68%        1d7       2%          1

Your spell library contained the following spells:

 Spells                   Type           Power      Damage    Failure   Level
 Vampiric Draining        Necr           17%        2d7       9%          3
 Animate Dead             Necr           17%        N/A       28%         4
 Agony                    Necr           17%        N/A       61%         5


Dungeon Overview and Level Annotations

Branches:
Dungeon (2/15)

Altars:

Shops:
D:2 ?

Annotations:
D:1 Sigmund


Innate Abilities, Weirdness & Mutations

Spells you cast may paralyse adjacent enemies.


Message History

A goblin and 2 gnolls come into view.
A gnoll is wielding a +3 halberd of flaming.
Found 17 gold pieces.
You open the door.
There is an open door here.
Sigmund gestures at you while chanting. The magic dart hits you.
There is a stone staircase leading up here.
Sigmund hits you with a +0 scythe!
Ouch! That really hurt!
You climb upwards.
There is a stone staircase leading down here.
You closely miss Sigmund. Sigmund misses you.
You sock Sigmund!
Sigmund is moderately wounded.
Sigmund looks at you with fury. Sigmund casts a spell at you.
You are confused.
You hit Sigmund.
Sigmund is heavily wounded.
Sigmund barely misses you.
You miss Sigmund.
Sigmund is heavily wounded.
Sigmund gestures at you while chanting. The magic dart hits you.
* * * LOW HITPOINT WARNING * * *
You thump Sigmund!
Sigmund is severely wounded.
Sigmund casts a spell.
Sigmund flickers and vanishes!
Deactivating autopickup; reactivate with Ctrl-A.
You barely miss something.
You feel less confused. Something hits you but does no damage.
There is a strange disturbance nearby!
You miss something.
You hear some strange, mumbled words.
Something tries to affect you, but you resist.
Something hits you.
You die...

##.## #.# #......# ## ##...##
#.# #......# #.....#######.##
###.##.# ###
#..............#####.##.# #..
#.....#######.........(.###.#
##...## ##...#####........#
##### ##.....## ########.#
#.......#### #.. #(.@.......#
### #..{....##.# #
##.....###.######### ##...##
#.......... ##### ###########


There were no monsters in sight!

Vanquished Creatures
  An endoplasm (D:1)
  2 hobgoblins (D:1)
  3 kobolds
  A quokka (D:1)
  2 rats
9 creatures vanquished.

Vanquished Creatures (collateral kills)
  A bat (D:1)
1 creature vanquished.

Grand Total: 10 creatures vanquished

Notes
Turn   | Place    | Note
-------+----------+-------------------------------------------
     0 | D:1      | gobodom the Demonspawn Necromancer began the quest for the
                  | Orb.
     0 | D:1      | Reached XP level 1. HP: 13/13 MP: 3/3
   609 | D:1      | Gained mutation: Spells you cast may paralyse adjacent
                  | enemies. [demonic ancestry]
   609 | D:1      | Reached XP level 2. HP: 19/19 MP: 0/5
   781 | D:2      | Found Qathairgh's Magic Scroll Shoppe.
   796 | D:2      | Bought a scroll of identify for 28 gold pieces
   800 | D:2      | Noticed Sigmund
   823 | D:1      | Slain by Sigmund

Illustrated notes

Levels and vault maps discovered:
D:1:      scummos_arrival_simple_fountains, layout_loops_ring,
          amcnicky_mini_rare_corridor_liquid
D:2:      minmay_diamond_boxcup, layout_basic, serial_shops,
          nicolae_shop_statue_plus, uniq_sigmund

Action                   || total
-------------------------++-------
Melee: Mace              ||    12
       Unarmed           ||     1
 Cast: Necrotize         ||    13
  Use: Scroll            ||     1
Armor: Robe              ||     3
Dodge: Dodged            ||     5

Table legend: (Time is in decaauts)
 A = Elapsed time spent in this place.
 B = Non-inter-level travel time spent in this place.
 C = Inter-level travel time spent in this place.
 D = Time resting spent in this place.
 E = Time spent auto-exploring this place.
 F = Levels seen in this place.
 G = Mean time per level.
                   A        B        C        D        E       F      G
               +--------+--------+--------+--------+--------+-----+--------+
         Total |    826 |    809 |     17 |      0 |    646 |   2 |  413.0 |
       Dungeon |    826 |    809 |     17 |      0 |    646 |   2 |  413.0 |
               +--------+--------+--------+--------+--------+-----+--------+

Top non-repeatable levels by time:
     D:1: 790 daAuts
     D:2: 35 daAuts
